 Dungeon Crawl Stone Soup version 0.30-a0-250-g41c1d76940 (webtiles) character file.

Game seed: 8393812250964240071

12359 Pooter the Cleaver (level 11, 0/151 HPs)
             Began as a Minotaur Berserker on Oct 12, 2022.
             Was a Believer of Trog.
             Slain by a cane toad (7 damage)
             ... on level 2 of the Lair of Beasts.
             The game lasted 00:49:48 (10721 turns).

Pooter the Cleaver (Minotaur Berserker)            Turns: 10721, Time: 00:49:48

Health: 0/151      AC: 15    Str: 25    XL:     11   Next: 61%
Magic:  10/10      EV:  7    Int:  4    God:    Trog [**....]
Gold:   735        SH:  0    Dex: 11    Spells: 10/10 levels left

rFire   . . .      SeeInvis .    a - +5 battleaxe (freeze)
rCold   . . .      Faith    .    (shield currently unavailable)
rNeg    . . .      Spirit   .    j - +1 plate armour
rPois   .          Reflect  .    (helmet restricted)
rElec   .          Harm     .    n - +1 cloak
rCorr   .          Rampage  .    M - +0 pair of gloves
Will    ++...                    (no boots)
Stlth   ..........               (no amulet)
HPRegen 1.45/turn                (no ring)
MPRegen 0.12/turn                (no ring)

@: berserking, marked, strong-willed, regenerating, studying Long Blades, very
quick
A: horns 2, retaliatory headbutt
a: Renounce Religion, Berserk, Trog's Hand


You were on level 2 of the Lair of Beasts.
You worshipped Trog.
Trog was pleased with you.
You visited 2 branches of the dungeon, and saw 12 of its levels.

You collected 735 gold pieces.

Inventory:

Hand Weapons
 a - a +5 battleaxe of freezing (weapon)
   (You took it off a wight on level 7 of the Dungeon)
 b - a +0 arbalest
   (You took it off an orc warrior on level 10 of the Dungeon)
 u - a +0 trident
   (You took it off an orc priest on level 2 of the Dungeon)
 J - a +0 war axe
   (You found it on level 1 of the Dungeon)
Missiles
 e - 5 curare-tipped darts
 o - 26 poisoned darts
 x - 8 boomerangs (quivered)
 E - 4 silver javelins
 I - a throwing net {!f}
 Q - 91 stones
Armour
 j - a +1 plate armour (worn)
   (You took it off a hobgoblin on level 1 of the Dungeon)
 n - a +1 cloak (worn)
   (You took it off Maurice on level 10 of the Dungeon)
 M - a +0 pair of gloves (worn)
   (You found it on level 5 of the Dungeon)
Jewellery
 w - a +6 ring of intelligence
   (You found it on level 4 of the Dungeon)
Wands
 d - a wand of iceblast (14)
   (You found it on level 6 of the Dungeon)
 i - a wand of polymorph (8)
   (You found it on level 9 of the Dungeon)
 y - a wand of quicksilver (21)
   (You found it on level 4 of the Dungeon)
 D - a wand of digging (4)
   (You found it on level 9 of the Dungeon)
 N - a wand of mindburst (9)
   (You found it on level 9 of the Dungeon)
Scrolls
 f - 2 scrolls of fog
 h - a scroll of fear
 l - a scroll of vulnerability {!r}
 m - 2 scrolls of magic mapping
 r - a scroll of silence
 t - a scroll of teleportation {@r4}
 F - 2 scrolls of immolation {!r}
Potions
 c - 3 potions of heal wounds {@q2}
 g - 2 potions of might
 k - a potion of brilliance {unknown}
 p - 2 potions of invisibility {unknown}
 q - 4 potions of attraction {!q}
 s - 2 potions of flight
 v - 6 potions of curing {@q1}
 z - a potion of haste {unknown}
 A - a potion of magic {unknown}
 B - 2 potions of mutation {!q}
 H - 4 potions of lignification {!q}


   Skills:
 + Level 10.4 Fighting
 * Level 13.7 Axes
 * Level 12.1 Ranged Weapons
 - Level 2.4 Armour
 - Level 2.1 Dodging
 + Level 5.3 Evocations


You had 10 spell levels left.
You didn't know any spells.
Your spell library was empty.

Dungeon Overview and Level Annotations

Branches:
Dungeon (10/15)            Temple (0/1) D:6            Lair (2/5) D:8
  Swamp: Lair:2-3    Shoals: Lair:2-3     Snake: Lair:2-3    Spider: Lair:2-3
    Orc: D:9-12

Altars:
Ashenzari
Cheibriados
Fedhas
Gozag
Hepliaklqana
Makhleb
Nemelex Xobeh
Trog
Wu Jian
Xom
Yredelemnul
Zin


Innate Abilities, Weirdness & Mutations

You have a pair of horns on your head.
You reflexively headbutt those who attack you in melee.


Message History

A sentinel's mark forms upon you.
The basilisk hisses angrily.
You hear a bellow!
You hear a loud, deep croak!
You hear a croak.
You hear a bellow!
You hear a croak.
You hear a bellow! x2
You hear a croak. x2; You hear a loud, deep croak!
You hear a bellow! x3
Your skin crawls.
You feel strong-willed. The elephant tramples you!
You stumble backwards!
The black mamba bites you. The elephant tramples you.
You hold your ground!
The elephant trunk-slaps you but does no damage.
The black mamba bites you. The black mamba bites you!
The black mamba bites you! The elephant attacks as you move away!
The elephant tramples you!
* * * LOW HITPOINT WARNING * * *
The elephant trunk-slaps you but does no damage.
You feel the effects of Trog's Hand fading.
The black mamba bites you!
* * * LOW HITPOINT WARNING * * *
The elephant tramples you but does no damage.
The elephant barely misses you.
Your skin crawls.
You feel strong-willed. The black mamba bites you!
* * * LOW HITPOINT WARNING * * *
The cane toad barely misses you.
The black mamba bites you but does no damage.
The elephant tramples you.
* * * LOW HITPOINT WARNING * * *
You hold your ground!
The elephant trunk-slaps you but does no damage.
The elephant tramples you!
* * * LOW HITPOINT WARNING * * *
You hold your ground!
The elephant trunk-slaps you but does no damage.
Unknown command.
Your +5 battleaxe of freezing glows with a cold blue light!
a - a +5 battleaxe of freezing (weapon)
The black mamba barely misses you. The cane toad completely misses you.
A red film seems to cover your vision as you go berserk!
You feel yourself moving faster!
You feel mighty!
The black mamba bites you but does no damage.
The elephant tramples you!
* * * LOW HITPOINT WARNING * * *
You hold your ground!
The elephant trunk-slaps you but does no damage.
An elephant comes into view.
The elephant barely misses you. You furiously retaliate!
You headbutt the elephant!
The elephant trunk-slaps you but does no damage.
The cane toad stings you!
You die...

#. ...... ...
...##.... . ..
#######........
...#.#...##.........
....................
....8....## ...
##..# ..... ....
.....# ..... ....#.


You could see 5 elephants, a black mamba, a cane toad and a basilisk.

Vanquished Creatures
  Josephine (D:10)
  A boulder beetle (Lair:1)
  Maurice (D:10)
  Joseph (D:9)
  A cane toad (Lair:1)
  Psyche (D:9)
  2 komodo dragons
  A troll (D:9)
  A hornet (D:8)
  Sigmund (D:3)
  A wyvern (D:7)
  5 wraiths
  18 yaks
  A basilisk (Lair:1)
  A steam dragon (D:10)
  5 water moccasins
  A hornet zombie (D:7)
  A sky beast (D:7)
  3 black bears
  6 orc warriors
  2 ice beasts
  5 ogres
  A centaur (D:8)
  3 scorpions (D:6)
  A kobold brigand (D:8)
  3 bullfrogs
  2 necrophages
  A wyvern zombie (D:7)
  A water moccasin zombie (D:7)
  8 wights
  4 killer bees (D:8)
  7 howler monkeys
  An electric eel (Lair:1)
  3 centaur zombies (D:7)
  A jelly (D:8)
  9 orc priests
  2 hounds
  3 iguanas
  Jessica (D:3)
  18 orc wizards
  7 adders
  7 gnolls
  A white imp (D:4)
  2 worms
  3 dart slugs
  41 orcs
  6 ball pythons
  11 bats
  7 endoplasms
  2 giant cockroaches
  7 hobgoblins
  13 jackals
  4 quokkas
  3 frilled lizards
  8 goblins
  10 kobolds
  4 rats
  2 butterflies (Lair:1)
267 creatures vanquished.

Vanquished Creatures (collateral kills)
  An orc warrior (D:10)
1 creature vanquished.

Vanquished Creatures (others)
  4 fungi
  6 plants
  3 withered plants (D:7)
13 creatures vanquished.

Grand Total: 281 creatures vanquished

Notes
Turn   | Place    | Note
-------+----------+-------------------------------------------
     0 | D:1      | Pooter the Minotaur Berserker began the quest for the Orb.
     0 | D:1      | Reached XP level 1. HP: 19/19 MP: 0/0
   202 | D:1      | Reached XP level 2. HP: 27/27 MP: 1/1
   275 | D:1      | Reached skill level 4 in Axes
   539 | D:1      | Reached XP level 3. HP: 30/34 MP: 2/2
   679 | D:1      | Reached ** piety under Trog
  1160 | D:2      | Reached skill level 1 in Ranged Weapons
  1180 | D:2      | Reached XP level 4. HP: 41/41 MP: 3/3
  1186 | D:2      | Reached skill level 5 in Axes
  1263 | D:2      | Reached skill level 5 in Fighting
  1287 | D:2      | Found a faded altar of an unknown god.
  1536 | D:3      | Noticed Sigmund
  1556 | D:3      | Killed Sigmund
  1557 | D:3      | Reached XP level 5. HP: 48/48 MP: 4/4
  1557 | D:3      | Reached XP level 6. HP: 56/56 MP: 5/5
  1672 | D:3      | Noticed Jessica
  1676 | D:3      | Killed Jessica
  1677 | D:3      | Reached skill level 6 in Axes
  1880 | D:3      | Noticed an ice beast
  1897 | D:3      | Killed an ice beast
  2223 | D:3      | Found a sparkling altar of Nemelex Xobeh.
  2453 | D:4      | Found an ornate altar of the Wu Jian Council.
  2491 | D:4      | Reached XP level 7. HP: 62/62 MP: 6/6
  2540 | D:4      | Reached *** piety under Trog
  2663 | D:4      | Reached skill level 7 in Axes
  2728 | D:4      | Reached skill level 5 in Ranged Weapons
  3046 | D:4      | Found a blossoming altar of Fedhas.
  3100 | D:5      | Entered Level 5 of the Dungeon
  3221 | D:5      | Reached XP level 8. HP: 31/71 MP: 7/7
  3397 | D:5      | Reached skill level 8 in Axes
  4536 | D:6      | Found a shimmering altar of Xom.
  4544 | D:6      | Reached skill level 9 in Axes
  4635 | D:6      | Found a basalt altar of Yredelemnul.
  4786 | D:6      | Found a snail-covered altar of Cheibriados.
  4832 | D:6      | Found a staircase to the Ecumenical Temple.
  5287 | D:7      | Reached XP level 9. HP: 80/80 MP: 8/8
  5526 | D:7      | Found a broken altar of Ashenzari.
  5552 | D:7      | Reached skill level 1 in Evocations
  5841 | D:7      | Reached skill level 10 in Axes
  6452 | D:7      | Found a glowing silver altar of Zin.
  7094 | D:8      | Found an opulent altar of Gozag.
  7150 | D:8      | Found a bloodstained altar of Trog.
  7167 | D:8      | Reached skill level 11 in Axes
  7207 | D:8      | Paralysed by a hornet for 1 turns
  7209 | D:8      | Reached XP level 10. HP: 89/90 MP: 9/9
  7659 | D:8      | Found a staircase to the Lair.
  7850 | D:9      | Reached skill level 10 in Ranged Weapons
  8142 | D:9      | Noticed Joseph
  8154 | D:9      | Killed Joseph
  8321 | D:9      | Reached skill level 12 in Axes
  8324 | D:9      | Noticed Psyche
  8328 | D:9      | Killed Psyche
  8618 | D:9      | Found a hazy altar of Hepliaklqana.
  8618 | D:9      | Found a burning altar of Makhleb.
  8693 | D:10     | Entered Level 10 of the Dungeon
  9038 | D:10     | Noticed Maurice
  9063 | D:10     | Killed Maurice
  9064 | D:10     | Reached XP level 11. HP: 99/99 MP: 10/10
  9159 | D:10     | Noticed Josephine
  9164 | D:10     | Killed Josephine
  9186 | D:10     | Reached skill level 13 in Axes
  9192 | D:10     | Reached skill level 10 in Fighting
  9292 | D:10     | Identified the +2 helmet "Xagok" {SInv}
  9627 | Lair:1   | Entered Level 1 of the Lair of Beasts
  9644 | Lair:1   | Noticed a boulder beetle
  9659 | Lair:1   | Killed a boulder beetle
  9660 | Lair:1   | Reached skill level 5 in Evocations
 10721 | Lair:2   | HP: 7/151 [elephant (10)]
 10721 | Lair:2   | Slain by a cane toad

Illustrated notes

Levels and vault maps discovered:
D:1:      sevenhm_arrival_forest_fort_large_2, layout_basic,
          amcnicky_mini_corridor_feature
D:2:      layout_basic, ebering_ecumenical_altar_abandoned
D:3:      layout_rooms, nemelex_diamond_rough_becter, uniq_sigmund, uniq_jessica
D:4:      layout_cave_pools, mainiacjoe_overflow_brackets, fedhas_altar_4
D:5:      layout_basic, kennysheep_decorative_pillar
D:6:      layout_loops_ring, general_overflow_altar,
          mainiacjoe_overflow_small_starburst, yredelemnul_altar_generic,
          temple_fountains
D:7:      layout_cave_pools, zin_statuary, cheibrodos_ashenzari_chains,
          serial_undead, serial_undead_c, serial_undead_e, serial_undead_f,
          serial_undead_e, serial_undead_d, serial_undead_d,
          hangedman_decor_clover_reticule, minivault_23,
          hangedman_abyss_or_decor_passed, small_statue_intersection
D:8:      layout_loops_ring, mainiacjoe_overflow_cross_hatched,
          trog_ov_bears_minmay, grunt_lair_entry_orc_guard_hut
D:9:      layout_basic, gammafunk_temple_overflow_pools, uniq_psyche,
          uniq_joseph
D:10:     layout_basic, nrook_mini_backslash, uniq_josephine, uniq_maurice
Lair:1:   layout_roguey, nicolae_quartered_pool_medium, nzn_sisyphean_effort,
          lemuel_fruit_fields
Lair:2:   layout_cave_shapes, grunt_megastairs_5, lemuel_fruit_fields,
          lemuel_fruit_fields, lemuel_fruit_tree

Skill      XL: |  1  2  3  4  5  6  7  8  9 10 11 |
---------------+----------------------------------+-----
Fighting       | 4 5 6 7 8 9 10 | 10.4
Axes           | 4 5 6 7 9 11 12 13 | 13.7
Ranged Weapons | 1 3 4 5 7 9 11 12 | 12.1
Evocations     | 2 4 5 |  5.3
Armour         | |  2.4
Dodging        | |  2.1

Action                   |  1- 3 |  4- 6 |  7- 9 | 10-12 || total
-------------------------+-------+-------+-------+-------++-------
Melee: Hand axe          |    27 |       |       |       ||    27
       War axe           |    43 |    73 |   136 |       ||   252
       Headbutt          |     1 |     7 |    35 |    32 ||    75
       Battleaxe         |       |       |    86 |   167 ||   253
       Unarmed           |       |       |       |     7 ||     7
 Fire: Sling             |    19 |    51 |    75 |       ||   145
       Shortbow          |       |       |       |    38 ||    38
       Arbalest          |       |       |       |    13 ||    13
Throw: Javelin           |       |     3 |       |       ||     3
       Dart              |       |     2 |     9 |     4 ||    15
       Boomerang         |       |       |       |     3 ||     3
Invok: Berserk           |     1 |     2 |    11 |     7 ||    21
       Trog's Hand       |     1 |     1 |    13 |    14 ||    29
Evoke: Wand              |       |       |       |     8 ||     8
  Use: Scroll            |     2 |     1 |    10 |     8 ||    21
       Potion            |       |       |       |     2 ||     2
Armor: Ring mail         |    20 |       |       |       ||    20
       Animal skin       |     2 |       |       |       ||     2
       Plate armour      |    30 |    73 |   171 |   113 ||   387
Dodge: Dodged            |    54 |    28 |   122 |    71 ||   275

Table legend: (Time is in decaauts)
 A = Elapsed time spent in this place.
 B = Non-inter-level travel time spent in this place.
 C = Inter-level travel time spent in this place.
 D = Time resting spent in this place.
 E = Time spent auto-exploring this place.
 F = Levels seen in this place.
 G = Mean time per level.
                   A        B        C        D        E       F      G
               +--------+--------+--------+--------+--------+-----+--------+
         Total |  11076 |  10721 |    355 |   2923 |   5802 |  12 |  923.0 |
       Dungeon |   9968 |   9630 |    338 |   2592 |   5194 |  10 |  996.8 |
          Lair |   1107 |   1090 |     17 |    330 |    608 |   2 |  553.5 |
               +--------+--------+--------+--------+--------+-----+--------+

Top non-repeatable levels by time:
     D:6: 1365 daAuts
     D:5: 1323 daAuts
     D:7: 1104 daAuts
  Lair:1: 1093 daAuts
     D:8: 1082 daAuts
     D:1: 1006 daAuts
     D:3: 942 daAuts
     D:9: 938 daAuts
    D:10: 924 daAuts
     D:4: 722 daAuts
     D:2: 559 daAuts
  Lair:2: 14 daAuts
